Match 41457350
Unlisted

Match 41457350
End
Panzergrenadier Squad
Selects Panzerjäger Kommand Battlegroup
Selects Panzerjäger Kommand Battlegroup
Selects Blockade Equipment
Selects Mine Fields
250 Light Carrier
Construct Light Support Kompanie
2.5-tonne Medical Truck
Selects Tank Busters
Assault Grenadier Squad
Construct Mechanized Kompanie
Combat Half-tracks
254 Reconnaissance Tractor
Panzergrenadier Squad
Selects Crew Shock Tactics
Construct Panzerarmee Kommand
Panzergrenadier Squad
Assault Grenadier Squad
Panzerjäger Squad
Panzergrenadier Squad
Marder III Tank Destroyer
Panzergrenadier Squad
Vehicle Survival Package
Emergency Repair Kits
Selects Elefant Tank Destroyer
Elefant Tank Destroyer
Armored Reserves
Tiger Heavy Tank
Selects Defensive Positions
Panzergrenadier Squad
Mr_NoteAr
User1diego
Karung_Vtuber
Wojadeu
我是神里凌华的狗
Fanny
LD_BANNEDXD
Still In Love
0
0

Comments sign in to comment!

No comments posted yet!